cohdb
Replays
Latest Replays
All Replays
Popular Replays
Top Player Replays
Match Explorer
How It Works
Community
CoH3 Stats
Reddit
Sign in to upload your games and track your stats! →
Sign in with Steam
Match 42344556
Unlisted
Match 42344556
Overview
Messages
Build Orders
End
Royal Engineer Section
Construct Section Command Post
Selects Canadian Shock Battlegroup
Infantry Section
Infantry Section
Vickers Machine Gun Team
Grenade Package
Selects Attacking Spirit
Selects Canadian Shock Section
Construct Field Infirmary
Infantry Section
Selects Incendiary Munitions
Construct Platoon Command Post
Humber Armored Car
Selects Pyrotechnics
Canadian Shock Section
6-pounder Anti-tank Gun Team
ML 3-inch Mortar Team
Infantry Training
Construct Company Command Post
Crusader II Medium Tank
Foot Guards Section
Crusader II Medium Tank
Crusader II Medium Tank
Selects Churchill Crocodile Heavy Tank
Selects Point Assault
Armored Vehicle Training
Crusader II Medium Tank
Crusader II Medium Tank
Crusader II Medium Tank
Bootyquake
coldvortex
0
0
Comments
sign in to comment!
No comments posted yet!